 Dungeon Crawl Stone Soup version 0.30.0-5-g1a98f26d00 (webtiles) character file.

Game seed: 15286143133201563081

59451 juan097 the Fighter (level 15, -17/110 (115) HPs)
             Began as a Djinni Earth Elementalist on May 10, 2023.
             Was the Champion of Makhleb.
             Killed from afar by a ynoxinul (27 damage)
             ... with an iron shot
             ... summoned by an orc high priest
             ... on level 2 of the Orcish Mines.
             The game lasted 01:45:43 (17157 turns).

juan097 the Fighter (Djinni Earth Elementalist)    Turns: 17157, Time: 01:45:44

HP:   -17/110 (115) AC:  9    Str:  7    XL:     15   Next: 34%
Gold: 1708          EV: 11    Int: 25    God:    Makhleb [******] SH:  0 Dex: 13

rFire   + + +        b - staff of earth
rCold   + . .        (no shield)
rNeg    . . .        V - +2 robe {rC+ rF+}
rPois   ∞            W - +2 helmet
rElec   .            g - +0 cloak
rCorr   .            T - +0 pair of gloves
SInv    .            (boots unavailable)
Will    ++...        s - amulet of regeneration
Stlth   ++++         h - ring of protection from cold {=R}
HPRegen 1.18/turn    c - ring of willpower
MPRegen 0.00/turn

%: infuse magic (-18 HP)
@: vertiginous, flying, very slightly contaminated, lightly drained
A: sickness immunity, fire resistance 2, cold vulnerability 1, float, innate
caster, HP casting, extra vitality 1
a: Renounce Religion, Minor Destruction, Lesser Servant of Makhleb, Major
Destruction, Greater Servant of Makhleb


You were on level 2 of the Orcish Mines.
You worshipped Makhleb.
Makhleb was exalted by your worship.
You visited 4 branches of the dungeon, and saw 18 of its levels.
You also visited: Ice Cave.

You collected 1959 gold pieces.
You spent 251 gold pieces at shops.

Inventory:

Hand Weapons
 a - a +2 dagger of venom
 e - a +0 vampiric short sword
 P - a +2 dagger of electrocution
Missiles
 d - 6 curare-tipped darts
 A - 19 poisoned darts
 B - 3 throwing nets
Armour
 g - a +0 cloak (worn)
 G - a +2 robe of positive energy
 T - a +0 pair of gloves (worn)
 V - a +2 robe of resistance (worn)
 W - a +2 helmet (worn)
Magical Staves
 b - a staff of earth (weapon)
Jewellery
 c - a ring of willpower (right hand)
 h - a ring of protection from cold (left hand) {=R}
 s - an amulet of regeneration (around neck)
 C - a ring of protection from cold
 J - a +5 ring of evasion
 M - a +6 ring of dexterity
 N - a ring of resist corrosion
Wands
 w - a wand of paralysis (4)
 I - a wand of flame (28)
 L - a wand of roots (4)
 O - a wand of light (3)
 Q - a wand of polymorph (5)
 S - a wand of digging (5)
Scrolls
 f - 4 scrolls of fear
 i - 4 scrolls of blinking
 j - 7 scrolls of fog
 m - 2 scrolls of acquirement
 p - 3 scrolls of teleportation
 r - 2 scrolls of vulnerability
 u - 5 scrolls of enchant armour
 x - a scroll of enchant weapon
 y - a scroll of poison
 F - 2 scrolls of immolation
 Y - a scroll of silence
Potions
 k - 7 potions of brilliance {unknown}
 l - 7 potions of curing
 o - 2 potions of resistance
 q - 2 potions of mutation
 t - a potion of cancellation
 v - 5 potions of heal wounds
 z - 2 potions of attraction
 D - 2 potions of haste
 E - 4 potions of might {unknown}
 H - 5 potions of lignification
Miscellaneous
 R - a phial of floods (inert)


   Skills:
 + Level 13.2 Fighting
 - Level 8.0 Short Blades
 - Level 4.0 Armour
 + Level 10.2 Dodging
 - Level 8.0 Stealth
 - Level 10.0 Spellcasting
 + Level 9.9 Invocations
 - Level 4.0 Evocations


You knew the following spells:

 Your Spells              Type           Power      Damage    Failure   Level
a - Sandblast             Erth           100%       2d20      1%          1
b - Passwall              Tmut/Erth      63%        N/A       1%          2
c - Stone Arrow           Conj/Erth      100%       3d13      1%          3
d - Petrify               Tmut/Erth      76%        N/A       3%          4
e - Magic Dart            Conj           100%       1d8       1%          1
f - Momentum Strike       Conj/Tloc      100%       3d10      1%          2
g - Vampiric Draining     Necr           58%        2d10      1%          3
h - Summon Ice Beast      Ice/Summ       58%        N/A       3%          4
i - Passage of Golubria   Tloc           58%        N/A       3%          4
j - Alistair's Intoxicat  Tmut/Pois      38%        N/A       6%          5
k - Iron Shot             Conj/Erth      38%        9d8       22%         6
Your spell library was empty.

Dungeon Overview and Level Annotations

Branches:
Dungeon (10/15)            Temple (1/1) D:7            Lair (5/5) D:10
  Swamp (0/4) Lair:3        Snake (0/4) Lair:3        Slime (0/5) Lair:5
    Orc (2/2) D:10            Elf (0/3) Orc:2         IceCv (visited)

Altars:
Ashenzari
Cheibriados
Dithmenos
Elyvilon
Fedhas
Gozag
Hepliaklqana
Makhleb
Nemelex Xobeh
Okawaru
Qazlal
Ru
Trog
Uskayaw
Wu Jian
Xom
Yredelemnul
Zin
The Shining One

Shops:
D:4 *   D:9 *   Orc:1 ([?   Orc:2 =*

Annotations:
D:4 2 transporters
Lair:2 1 runed translucent door, exclusion: hydra, turdburglar's ghost, journeyman VSBr


Innate Abilities, Weirdness & Mutations

You are immune to sickness and miasma.
You are immune to poison.
Your flesh is very heat resistant. (rF++)
You are vulnerable to cold. (rC-)
You float through the air rather than walking.
You learn spells naturally, not from books.
Your magical power is your life essence.
You have superior vitality. (+4 MHP)


Message History

The ynoxinul barely misses your ice beast.
The orc warrior hits your ice beast with a +0 flail!
Your ice beast hits the orc warrior but does no damage.
The orc high priest calls upon Beogh to heal the orc warrior.
The orc warrior is healed somewhat.
The orc warrior unwields a +0 flail.
The orc warrior wields a +0 arbalest.
The orc warrior shoots a bolt.
The bolt hits your ice beast!!
Your ice beast dies!
Your ice beast disappears in a puff of smoke!
Casting: Summon Ice Beast (mildly dangerous; 1% risk of failure)
Confirm with . or Enter, or press ? or * to list all spells.
Casting: Alistair's Intoxication (dangerous; 2% risk of failure)
Press: ? - help, Dir - look around, f - activate You attempt to intoxicate your foes!
The orc warrior looks rather confused.
The orc high priest looks rather confused.
The world spins around you!
Unknown command.
The ynoxinul gestures at you. The iron shot misses you.
Things that are here:
a +0 long sword; a +0 chain mail
Casting: Alistair's Intoxication (dangerous; 6% risk of failure)
Confirm with . or Enter, or press ? or * to list all spells.
Aiming: Iron Shot (dangerous; 22% risk of failure)
Press: ? - help, Shift-Dir - straight line, f - ynoxinul
Aim: a ynoxinul (summoned, 76% to hit)
You feel a surge of power!
You miscast Iron Shot.
You are very lightly contaminated with residual magic.
Nothing appears to happen.
The ynoxinul gestures.
The ufetubus attacks as you move away! The ufetubus hits you.
The ufetubus barely misses you. The orc sorcerer casts a spell at you.
The bolt of negative energy hits the ufetubus.
The ufetubus completely resists.
The bolt of negative energy hits you!!
You feel drained.
* * * LOW HITPOINT WARNING * * *
The ynoxinul gestures at you. The iron shot hits you!!
You die...

8.#...........#.#.._..#.#
).#.......).....#.)...#.#
###.......))....##..)##.#
............)....##'##..#
#.......................#
....)...#.#.#........####
....).....).........####
#.....#..#####..<......#
........##..o##.@.....##
........#.._..#35..#.##
#.......#.....#.5..###
..#.....#)..).#o..### ###
...)....##...##.....### ##.##
..#.##...##'##o.#.....####...##
..####..........###.....###...#
.## #.........## ###........##
.### ##o........# ##.......#.##


You could see a ynoxinul (summoned), an orc sorcerer, an orc warrior (confused)
and 2 ufetubi.

Vanquished Creatures
  A fire dragon (Lair:5)
  Harold (Orc:1)
  4 hydras
  A catoblepas (Lair:5)
  A boulder beetle (Lair:5)
  8 death yaks
  2 orc high priests (Orc:2)
  Sonja (Orc:1)
  2 skysharks
  4 bog bodies
  Pikel (D:9)
  2 lindwurms (Lair:3)
  An orc sorcerer (Orc:1)
  A manticore (D:10)
  4 torpor snails
  An ice statue (IceCv)
  6 black mambas
  A gargoyle (D:10)
  13 cane toads
  A freezing wraith (IceCv)
  7 rime drakes
  7 komodo dragons
  An anaconda simulacrum (IceCv)
  An ice devil (IceCv)
  6 polar bears
  3 trolls
  2 tyrant leeches (Lair:5)
  5 hornets
  4 dream sheep (Lair:4)
  4 blink frogs (Lair:3)
  A dire elephant simulacrum (IceCv)
  14 wyverns
  Eustachio (D:5)
  3 wraiths
  7 basilisks
  26 yaks
  2 death yak simulacra (IceCv)
  3 swamp worms (Lair:3)
  3 nagas (Lair:3)
  4 wargs (Orc:2)
  An acid dragon (D:10)
  A hydra simulacrum (IceCv)
  11 water moccasins
  A floating eye (D:10)
  28 orc warriors
  4 black bears
  An ice beast (D:6)
  4 ogres
  13 wolves
  6 centaurs
  3 kobold brigands
  2 phantoms
  8 bullfrogs
  A gnoll sergeant (D:10)
  4 cane toad simulacra (IceCv)
  8 two-headed ogre simulacra (IceCv)
  A scorpion (D:6)
  23 wights
  11 killer bees
  3 elephant simulacra (IceCv)
  3 howler monkeys
  2 electric eels
  5 jellies
  A hound (D:7)
  20 orc priests
  2 gnoll boudas (D:8)
  5 iguanas
  34 orc wizards
  6 hell rats (Lair:5)
  3 spriggan simulacra (IceCv)
  5 troll simulacra (IceCv)
  2 wolf simulacra (IceCv)
  18 gnolls
  4 naga simulacra (IceCv)
  5 adders
  A shadow imp (D:6)
  8 white imps
  7 ufetubi
  2 worms
  5 dart slugs
  107 orcs
  6 bats
  6 endoplasms
  4 giant cockroaches
  10 goblins
  7 hobgoblins
  5 quokkas
  8 ball pythons
  5 frilled lizards
  13 kobolds
  9 rats
612 creatures vanquished.

Vanquished Creatures (collateral kills)
  3 death yaks
  A black mamba (Lair:4)
  A komodo dragon (Lair:1)
  A blink frog (Lair:3)
  A dream sheep (Lair:4)
  A wyvern (D:7)
  A basilisk (Lair:5)
  5 yaks
  4 water moccasins
  2 orc warriors
  3 wolves
  A centaur (D:8)
  A kobold brigand (D:10)
  A bullfrog (Lair:1)
  4 killer bees (D:10)
  3 orc priests
  2 orc wizards
  A spriggan simulacrum (IceCv)
  A hell rat (Lair:5)
  4 gnolls
  6 orcs
  A kobold (D:7)
48 creatures vanquished.

Vanquished Creatures (others)
  An orc (D:10)
1 creature vanquished.

Grand Total: 661 creatures vanquished

Notes
Turn   | Place    | Note
-------+----------+-------------------------------------------
     0 | D:1      | juan097 the Djinni Earth Elementalist began the quest for
                  | the Orb.
     0 | D:1      | juan097 set off with the following spells memorised:
                  | Sandblast, Passwall, Stone Arrow, Petrify.
     0 | D:1      | Reached XP level 1. HP: 15/15 MP: 0/0
   122 | D:1      | Reached XP level 2. HP: 21/22 MP: 0/0
   273 | D:1      | Reached XP level 3. HP: 26/26 MP: 0/0
   273 | D:1      | Learned a level 1 spell: Magic Dart
   529 | D:1      | Reached skill level 1 in Fighting
   858 | D:2      | Reached XP level 4. HP: 30/32 MP: 0/0
  1318 | D:2      | Reached XP level 5. HP: 35/37 MP: 0/0
  1318 | D:2      | Learned a level 2 spell: Momentum Strike
  1458 | D:3      | Noticed a phantom
  1851 | D:3      | Reached skill level 2 in Fighting
  1996 | D:3      | Reached XP level 6. HP: 36/43 MP: 0/0
  2253 | D:4      | Found a stormy altar of Qazlal.
  2271 | D:4      | Found a transporter.
  2310 | D:4      | Found a transporter.
  2397 | D:4      | Found a large runed translucent door.
  2400 | D:4      | Found a large runed translucent door.
  2759 | D:4      | Found Irewid's Lightly-Used Armoury.
  2851 | D:4      | Found an ornate altar of the Wu Jian Council.
  2875 | D:4      | Found a bloodstained altar of Trog.
  2907 | D:5      | Entered Level 5 of the Dungeon
  2907 | D:5      | Noticed a black bear
  3072 | D:5      | Noticed Eustachio
  3089 | D:5      | Killed Eustachio
  3090 | D:5      | Reached skill level 3 in Fighting
  3090 | D:5      | Reached XP level 7. HP: 44/50 MP: 0/0
  3090 | D:5      | Learned a level 3 spell: Vampiric Draining
  3289 | D:5      | Found a sparkling altar of Nemelex Xobeh.
  3469 | D:5      | Found Zin's Purification Station.
  3472 | D:5      | Found a glowing silver altar of Zin.
  3477 | D:5      | Bought a potion of curing for 90 gold pieces
  3502 | D:5      | Reached XP level 8. HP: 28/57 MP: 0/0
  4027 | D:6      | Reached skill level 5 in Spellcasting
  4242 | D:6      | Reached skill level 4 in Fighting
  4424 | D:6      | Reached skill level 1 in Short Blades
  4424 | D:6      | Reached skill level 1 in Armour
  4708 | D:6      | Reached XP level 9. HP: 52/63 MP: 0/0
  4708 | D:6      | Learned a level 4 spell: Summon Ice Beast
  4912 | D:6      | Reached skill level 5 in Dodging
  4984 | D:7      | Reached skill level 5 in Fighting
  5031 | D:7      | Reached skill level 5 in Stealth
  5240 | D:7      | Found an iron altar of Okawaru.
  5241 | D:7      | Found an opulent altar of Gozag.
  5358 | D:7      | Found a staircase to the Ecumenical Temple.
  5363 | Temple   | Entered the Ecumenical Temple
  5610 | Temple   | Became a worshipper of Makhleb the Destroyer
  5856 | D:8      | Reached XP level 10. HP: 38/70 MP: 0/0
  6345 | D:8      | Found a snail-covered altar of Cheibriados.
  6395 | D:8      | Reached skill level 6 in Fighting
  6895 | D:9      | Reached * piety under Makhleb
  7150 | D:9      | Identified the +1 hand axe of Psychosis {pain, rPois Will+
                  | Dex+2}
  7201 | D:9      | Found Genwadd's General Store.
  7208 | D:9      | Bought a scroll of poison for 48 gold pieces
  7208 | D:9      | Bought a scroll of identify for 24 gold pieces
  7227 | D:9      | Identified a scroll of acquirement
  7629 | D:9      | Noticed Pikel
  7645 | D:9      | Killed Pikel
  7710 | D:10     | Entered Level 10 of the Dungeon
  7808 | D:10     | Reached skill level 7 in Fighting
  7811 | D:10     | Reached XP level 11. HP: 67/79 MP: 0/0
  7811 | D:10     | Learned a level 4 spell: Passage of Golubria
  7908 | D:10     | Reached skill level 8 in Fighting
  8075 | D:10     | Reached ** piety under Makhleb
  8323 | D:10     | Paralysed by a floating eye for 4 turns
  8333 | D:10     | Noticed a manticore
  8449 | D:10     | Found a staircase to the Lair.
  8488 | D:10     | Found a staircase to the Orcish Mines.
  8499 | D:10     | Killed a manticore
  8500 | D:10     | Reached skill level 1 in Invocations
  8595 | D:10     | Reached skill level 5 in Short Blades
  8866 | D:10     | Reached *** piety under Makhleb
  8870 | D:10     | Reached skill level 9 in Fighting
  9164 | Lair:1   | Entered Level 1 of the Lair of Beasts
  9330 | Lair:1   | Reached XP level 12. HP: 88/89 MP: 0/0
 10124 | Lair:2   | Reached skill level 10 in Fighting
 10160 | Lair:2   | Reached skill level 1 in Evocations
 10316 | Lair:2   | Found a runed translucent door.
 10319 | Lair:2   | Found a shimmering altar of Xom.
 10319 | Lair:2   | Noticed turdburglar's ghost (journeyman VSBr)
 10505 | Lair:2   | Noticed a six-headed hydra
 10505 | Lair:2   | Noticed a death yak
 10529 | Lair:2   | Noticed a four-headed hydra
 10535 | Lair:2   | Killed a four-headed hydra
 10918 | Lair:3   | Reached skill level 5 in Invocations
 10920 | Lair:3   | Reached **** piety under Makhleb
 11052 | Lair:3   | Noticed a skyshark
 11062 | Lair:3   | Killed a skyshark
 11133 | Lair:3   | Reached XP level 13. HP: 61/98 MP: 0/0
 11133 | Lair:3   | Learned a level 5 spell: Alistair's Intoxication
 11378 | Lair:3   | Reached skill level 11 in Fighting
 11863 | Lair:3   | Noticed a seven-headed hydra
 11875 | Lair:3   | Killed a seven-headed hydra
 12109 | Lair:3   | Found a staircase to the Swamp.
 12214 | Lair:3   | Found a staircase to the Snake Pit.
 12602 | Lair:4   | Noticed a four-headed hydra
 12609 | Lair:4   | Reached skill level 12 in Fighting
 12781 | Lair:4   | Reached skill level 10 in Spellcasting
 12814 | Lair:4   | Reached XP level 14. HP: 32/107 MP: 0/0
 12856 | Lair:4   | Found a frozen archway.
 12933 | IceCv    | Entered an ice cave
 12960 | IceCv    | Reached ***** piety under Makhleb
 13918 | Lair:4   | Identified the +2 chain mail "Uloas" {Will+ Stlth+}
 14402 | Lair:4   | You are sucked into a shaft and drop 1 floor!
 14402 | Lair:5   | Entered Level 5 of the Lair of Beasts
 14632 | Lair:5   | Reached ****** piety under Makhleb
 14916 | Lair:5   | Found a runed translucent door.
 15075 | Lair:5   | Reached XP level 15. HP: 111/113 MP: 0/0
 15075 | Lair:5   | Learned a level 6 spell: Iron Shot
 15702 | Orc:1    | Entered Level 1 of the Orcish Mines
 15708 | Orc:1    | Reached skill level 13 in Fighting
 15892 | Orc:1    | Found Gizewed's Antique Weapon Emporium.
 15899 | Orc:1    | Noticed Sonja
 15910 | Orc:1    | Killed Sonja
 16066 | Orc:1    | Found Ysmu's Antique Armour Emporium.
 16066 | Orc:1    | Noticed Harold
 16070 | Orc:1    | Killed Harold
 16071 | Orc:1    | Reached skill level 10 in Dodging
 16103 | Orc:1    | Found Nutuuf's Magic Scroll Emporium.
 16118 | Orc:1    | Bought a scroll of fog for 56 gold pieces
 16224 | Orc:2    | Entered Level 2 of the Orcish Mines
 16309 | Orc:2    | Found a staircase to the Elven Halls.
 16728 | Orc:2    | Noticed an orc warlord
 16880 | Orc:2    | Found Xunat's Jewellery Boutique.
 17056 | Orc:2    | Found Fostuph's General Store.
 17061 | Orc:2    | Bought a potion of lignification for 33 gold pieces
 17157 | Orc:2    | Killed from afar by a ynoxinul

Illustrated notes

Levels and vault maps discovered:
D:1:      dpeg_arrival_signposts, layout_basic, serial_park_tiny_2,
          chequers_serial_rivers_small_3
D:2:      layout_loops_ring
D:3:      minmay_skewed_foursquare, layout_rooms, kennysheep_orc_chapel
D:4:      gammafunk_steamed_eel, layout_loops_ring, jmf_multi_god_temple2,
          overflow_temple_1_default, minmay_shop_damaged
D:5:      layout_basic, zin_purify, lemuel_round_altar,
          minmay_misc_feat_enclosed, uniq_eustachio
D:6:      layout_gridville
D:7:      layout_rooms, nicolae_overflow_two_pavilions,
          minmay_temple_entry_offerings
D:8:      layout_gridville, slow_altar_2
D:9:      layout_grid_maze, kiku_gazebo_garden_becter, serial_shops, shop,
          uniq_pikel
D:10:     layout_loops_ring, grunt_lair_entry_orc_guard_hut, hiddenorc2_lemuel,
          chequers_serial_rivers_small_3, onia_ninara_cookie
Temple:   oiseaux_autumnal_temple
Lair:1:   layout_long_grid, beast_lair_carwin_8
Lair:2:   layout_loops_ring, ebering_ghost_xom, grunt_forest_large_clearing_hut
Lair:3:   layout_concentric_octagons, nicolae_swamp_entry_splash_gauntlet,
          nicolae_snake_entry_squirm, small_statue_intersection,
          nicolae_lair_lindhole, lemuel_fruit_tree, grunt_megastairs_5
Lair:4:   layout_loops_ring, portal_ice_cave_entry_animals_and_master,
          nicolae_quartered_pool_impasse, st_stairs_5, grunt_megastairs_2
Lair:5:   wormcave, layout_loops_ring, hangedman_lair_tendril_chambers,
          minmay_slime_entry_jelly_boxes, special_room
          [special_room_mythical_zoo], minmay_hedge_maze
Orc:1:    layout_diamond_mine, serial_shops, shop, shop, shop, shop,
          basic_altar, uniq_harold, uniq_sonja
Orc:2:    grunt_orc_community_town_hall, layout_diamond_mine,
          grunt_orc_community_big_house_1, grunt_orc_community_big_house_2,
          grunt_orc_community_house_3, grunt_orc_community_house_1,
          grunt_orc_community_house_3, grunt_orc_community_house_3,
          grunt_orc_community_house_1, grunt_orc_community_house_3, basic_altar

Skill      XL: |  1  2  3  4  5  6  7  8  9 10 11 12 13 14 15 |
---------------+----------------------------------------------+-----
Fighting       | 1 2 3 4 5 7 9 10 12 13 | 13.2
Stealth        | 2 3 4 5 6 7 8 |  8.0
Spellcasting   | 3 4 5 6 8 10 | 10.0
Dodging        | 3 4 5 6 7 8 9 10 | 10.2
Short Blades   | 1 3 4 5 6 7 8 |  8.0
Armour         | 1 2 3 4 |  4.0
Invocations    | 3 5 8 9 |  9.9
Evocations     | 3 4 |  4.0

Action                     |  1- 3 |  4- 6 |  7- 9 | 10-12 | 13-15 || total
---------------------------+-------+-------+-------+-------+-------++-------
  Melee: Dagger            |     3 |     5 |    17 |    47 |    66 ||   138
         Punch             |       |       |       |       |     2 ||     2
  Throw: Throwing net      |       |       |     1 |       |       ||     1
         Dart              |       |       |       |     2 |     2 ||     4
   Cast: Sandblast         |    39 |    73 |    18 |    31 |     8 ||   169
         Passwall          |     2 |     3 |       |    10 |     1 ||    16
         Stone Arrow       |       |    11 |    73 |   267 |   483 ||   834
         Magic Dart        |       |    29 |    40 |    39 |       ||   108
         Summon Ice Beast  |       |       |     4 |    45 |    51 ||   100
         Vampiric Draining |       |       |       |    19 |    51 ||    70
         Passage of Golubr |       |       |       |     1 |    18 ||    19
         Momentum Strike   |       |       |       |     1 |       ||     1
         Alistair's Intoxi |       |       |       |       |     5 ||     5
         Petrify           |       |       |       |       |     1 ||     1
         Iron Shot         |       |       |       |       |    58 ||    58
 Invoke: Minor Destruction |       |       |       |     1 |       ||     1
  Evoke: Wand              |       |       |       |     4 |     8 ||    12
         Phial of floods   |       |       |       |       |     1 ||     1
    Use: Scroll            |       |       |       |    20 |    10 ||    30
         Potion            |       |       |       |     3 |     1 ||     4
   Stab: Sleeping          |     2 |     5 |     1 |    10 |     9 ||    27
         Distracted        |       |       |       |     1 |     1 ||     2
         Paralysed         |       |       |       |       |     1 ||     1
 Armour: Robe              |     3 |     3 |    10 |    21 |    73 ||   110
  Dodge: Dodged            |     2 |    17 |    48 |   135 |   273 ||   475
